 Dungeon Crawl Stone Soup version 0.25.1-2-g60ff931df9 (webtiles) character file.

Game seed: 7667653143275243578

6434 gbos the Cleaver (level 10, -8/81 HPs)
             Began as a Demonspawn Berserker on Nov 16, 2020.
             Was a High Priest of Trog.
             Mangled by an orc warrior
             ... wielding a +0 dire flail
              (13 damage)
             ... on level 10 of the Dungeon.
             The game lasted 00:03:00 (11300 turns).

gbos the Cleaver (Demonspawn Berserker)            Turns: 11300, Time: 00:03:00

Health: -8/81      AC: 15    Str: 20    XL:     10   Next: 67%
Magic:  10/10      EV: 10    Int:  8    God:    Trog [*****.]
Gold:   571        SH:  0    Dex: 14    Spells: 9/9 levels left

rFire    . . .     SeeInvis +   Y - +0 war axe
rCold    + . .     Gourm    .   (no shield)
rNeg     . . .     Faith    +   i - +0 plate armour
rPois    .         Spirit   .   j - +1 helmet
rElec    .         Reflect  .   (no cloak)
rCorr    +         Harm     .   (no gloves)
MR       .....                  (no boots)
Stlth    ..........             p - amulet of faith
HPRegen  0.23/turn              b - ring of see invisible
MPRegen  0.12/turn              g - ring of resist corrosion

@: berserk cooldown, slowed, very slow
A: talons 2, cold resistance 1, sturdy frame 2
a: Berserk, Trog's Hand, Brothers in Arms, Renounce Religion


You were on level 10 of the Dungeon.
You worshipped Trog.
Trog was extremely pleased with you.
You were near starving.

You visited 1 branch of the dungeon, and saw 10 of its levels.

You collected 571 gold pieces.


Innate Abilities, Weirdness & Mutations

You have razor-sharp toenails.
Your flesh is cold resistant. (rC+)
Your movements are less encumbered by armour. (ER -4)


   Skills:
 - Level 8.3 Fighting
 + Level 11.5 Axes
 - Level 6.0 Armour
 - Level 3.5 Dodging


You had 9 spell levels left.
You didn't know any spells.
Your spell library was empty.

Inventory:

Hand Weapons
 h - a +1 vorpal flail
 Y - a +0 war axe (weapon)
Missiles
 s - a silver javelin (quivered)
Armour
 i - a +0 plate armour (worn)
 j - a +1 helmet (worn)
Jewellery
 b - a ring of see invisible (left hand)
 g - a ring of resist corrosion (right hand)
 p - an amulet of faith (around neck)
Scrolls
 a - 4 scrolls of remove curse
 k - a scroll of teleportation {unknown}
 q - a scroll of identify
Potions
 c - a potion of resistance
 l - a potion of cancellation {unknown}
 n - a potion of curing
 r - a potion of degeneration {unknown}
 t - a potion of ambrosia {unknown}
Comestibles
 e - 2 rations

Dungeon Overview and Level Annotations

Branches:
Dungeon (10/15)            Temple (0/1) D:6            Lair (0/6) D:10
    Orc (0/2) D:10

Altars:
Ashenzari
Cheibriados
Dithmenos
Gozag
Nemelex Xobeh
Okawaru
Qazlal
Ru
Sif Muna
Wu Jian
Xom
Zin
Beogh

Annotations:
D:4 3 runed translucent doors, asdjio's ghost, novice OpTm
D:5 1 runed translucent door, Crazy Yiuf
D:9 2 transporters


Message History

The orc hits you but does no damage.
The orc warrior hits you with a +0 dire flail!
The orc priest hits you but does no damage.
The orc hits you but does no damage.
You slice the orc priest!!
You kill the orc priest!
Trog accepts your kill.
You hit the orc warrior. You hit the orc but do no damage.
The orc warrior hits you with a +0 dire flail.
The orc closely misses you.
The orc warrior hits you with a +0 dire flail!
Your ogre rages.
You slash the orc!
You kill the orc!
Trog accepts your kill.
You closely miss the orc.
You hit the orc warrior but do no damage.
The orc hits you with a +0 club.
The orc warrior hits you with a +0 dire flail!
You die... #.# #.# #.# #.# #.######## #. #.#.....# .. #.#_....# #. #.#oooo.# #.#ooooo# #.#ooooo#

#.##@#### #.##O)#.#
#.###)#.# #. .##.#
#.#.# #.#.##.# #.#.#
#.#.##.# #.#.#
#.#.##.# #?#.#
#.#.##.###.#.#
########.#.##.....#.#


You could see an orc warrior, 13 orcs and a friendly ogre (summoned, berserk).

Vanquished Creatures
  2 unseen horrors
  An oklob plant (D:10)
  A gargoyle (D:10)
  A hippogriff (D:9)
  Eustachio (D:5)
  3 yaks (D:9)
  A warg (D:10)
  A water moccasin (D:6)
  3 orc warriors
  3 ice beasts
  2 phantoms
  An ogre (D:9)
  5 centaurs
  A crocodile (D:10)
  4 big kobolds (D:9)
  A bullfrog (D:6)
  7 killer bees
  10 howler monkeys
  A wight (D:6)
  5 crimson imps
  A bullfrog zombie (D:9)
  4 hounds
  2 quasits
  3 centaur skeletons
  6 orc priests
  A jelly (D:5)
  6 orc wizards
  A bullfrog skeleton (D:7)
  Jessica (D:2)
  An iguana (D:4)
  Terence (D:2)
  3 worker ants
  A killer bee zombie (D:8)
  2 hound skeletons
  3 worker ant zombies
  7 adders
  8 gnolls
  2 shadow imps
  5 oozes
  2 adder skeletons
  5 worms
  3 dart slugs
  2 leopard geckos
  36 orcs
  2 ball pythons
  7 bats
  6 giant cockroaches
  8 goblins
  6 hobgoblins
  7 jackals
  2 quokkas
  6 frilled lizards
  15 kobolds
  A leopard gecko zombie (D:6)
  A quokka skeleton (D:8)
  A quokka zombie (D:7)
  5 rats
  2 plants (D:10)
229 creatures vanquished.

Vanquished Creatures (collateral kills)
  An orc wizard (D:10)
  2 orcs (D:10)
  A hobgoblin (D:10)
  3 plants (D:10)
7 creatures vanquished.

Vanquished Creatures (others)
  An orc (D:5)
1 creature vanquished.

Grand Total: 237 creatures vanquished

Notes
Turn   | Place    | Note
-------+----------+-------------------------------------------
     0 | D:1      | gbos the Demonspawn Berserker began the quest for the Orb.
     0 | D:1      | Reached XP level 1. HP: 18/18 MP: 1/1
     0 | D:1      | 0 ||| counter = 38
    22 | D:1      | 22 ||| INVOKING Berserk.
   226 | D:1      | Reached skill level 3 in Axes
   337 | D:1      | Gained mutation: Your flesh is cold resistant. (rC+)
                  | [demonic ancestry]
   337 | D:1      | Reached XP level 2. HP: 18/24 MP: 2/2
   470 | D:1      | 470 ||| DROPPING +0 club.
  1203 | D:1      | 1203 ||| UPGRADING to helmet.
  1208 | D:1      | 1208 ||| READING scroll labeled ADOLOF YNNAWU.
  1209 | D:1      | 1209 ||| DRINKING 3 smoky cyan potions.
  1210 | D:1      | 1210 ||| DROPPING 2 potions of stabbing.
  1244 | D:2      | 1244 ||| INVOKING Berserk.
  1247 | D:2      | Gained mutation: You have sharp toenails. [demonic
                  | ancestry]
  1247 | D:2      | Reached XP level 3. HP: 29/29 MP: 3/3
  1384 | D:2      | Found a glowing silver altar of Zin.
  1400 | D:2      | 1400 ||| INVOKING Berserk.
  1402 | D:2      | Reached skill level 4 in Axes
  1437 | D:2      | 1437 ||| EATING 2 rations.
  1448 | D:2      | Reached ** piety under Trog
  1465 | D:2      | Noticed Terence
  1480 | D:2      | Killed Terence
  1530 | D:2      | Reached XP level 4. HP: 31/35 MP: 4/4
  1570 | D:2      | Found a stormy altar of Qazlal.
  1609 | D:2      | 1609 ||| INVOKING Berserk.
  1783 | D:2      | 1783 ||| DROPPING +0 whip.
  1784 | D:2      | 1784 ||| UPGRADING to flail.
  1785 | D:2      | 1785 ||| SWAPPING to +0 hand axe.
  1947 | D:2      | Reached skill level 5 in Axes
  2248 | D:2      | 2248 ||| INVOKING Berserk.
  2305 | D:2      | 2305 ||| EATING 2 rations.
  2446 | D:2      | Noticed Jessica
  2465 | D:2      | Killed Jessica
  2465 | D:2      | Reached XP level 5. HP: 36/41 MP: 5/5
  2682 | D:2      | 2682 ||| UPGRADING to +0 scale mail.
  2692 | D:2      | 2692 ||| DROPPING +0 animal skin.
  2693 | D:2      | 2693 ||| READING 3 scrolls labeled FUAMIX OZEQ.
  2694 | D:2      | 2694 ||| DROPPING 2 scrolls of fear.
  2979 | D:3      | Found an ornate altar of the Wu Jian Council.
  3021 | D:3      | Found a shimmering altar of Xom.
  3066 | D:3      | Found a faded altar of an unknown god.
  3085 | D:3      | Reached *** piety under Trog
  3089 | D:3      | Found a shadowy altar of Dithmenos.
  3223 | D:3      | 3223 ||| UPGRADING to emerald ring.
  3224 | D:3      | 3224 ||| REMOVING +6 ring of intelligence.
  3225 | D:3      | 3225 ||| DROPPING +6 ring of intelligence.
  3226 | D:3      | 3226 ||| READING scroll labeled CUTOID RAHOCOH.
  3227 | D:3      | 3227 ||| READING scroll labeled CUSMICSIANO.
  3259 | D:4      | 3259 ||| STAIRDANCE
  3403 | D:4      | Found a runed translucent gate.
  3403 | D:4      | Found a runed translucent gate.
  3403 | D:4      | Found a runed translucent gate.
  3403 | D:4      | Noticed asdjio's ghost (novice OpTm)
  3443 | D:4      | Found a shimmering blue altar of Sif Muna.
  3463 | D:4      | Reached skill level 6 in Axes
  3765 | D:4      | 3765 ||| UPGRADING to garnet ring.
  3766 | D:4      | 3766 ||| UPGRADING to peridot ring.
  3767 | D:4      | 3767 ||| REMOVING ring of flight.
  3768 | D:4      | 3768 ||| DROPPING ring of flight.
  3769 | D:4      | 3769 ||| READING scroll labeled KIELUA HAHOTHE.
  3770 | D:4      | 3770 ||| READING scroll labeled IPPAUD OBRA.
  3799 | D:5      | Entered Level 5 of the Dungeon
  3894 | D:5      | Gained mutation: Your movements are slightly less
                  | encumbered by armour. (ER -2) [demonic ancestry]
  3894 | D:5      | Reached XP level 6. HP: 45/47 MP: 6/6
  3933 | D:5      | 3933 ||| INVOKING Berserk.
  4038 | D:5      | 4038 ||| EATING 4 rations.
  4138 | D:5      | Found a snail-covered altar of Cheibriados.
  4203 | D:5      | Reached XP level 7. HP: 50/54 MP: 7/7
  4317 | D:5      | 4317 ||| READING 3 scrolls of enchant weapon.
  4317 | D:5      | 4317 ||| ENCHANTING +1 hand axe.
  4318 | D:5      | 4318 ||| READING 2 scrolls of enchant weapon.
  4318 | D:5      | 4318 ||| ENCHANTING +2 hand axe.
  4319 | D:5      | 4319 ||| READING scroll of enchant weapon.
  4319 | D:5      | 4319 ||| ENCHANTING +3 hand axe.
  4458 | D:5      | Reached skill level 7 in Axes
  4511 | D:5      | Noticed Eustachio
  4594 | D:5      | Killed Eustachio
  4954 | D:5      | Found a runed translucent door.
  4955 | D:5      | Noticed Crazy Yiuf
  4999 | D:5      | Reached skill level 8 in Axes
  5004 | D:5      | 5004 ||| INVOKING Berserk.
  5056 | D:5      | 5056 ||| EATING 4 rations.
  5232 | D:5      | 5232 ||| INVOKING Berserk.
  5237 | D:5      | 5237 ||| UPGRADING to +0 chain mail.
  5247 | D:5      | 5247 ||| DROPPING +0 scale mail.
  5248 | D:5      | 5248 ||| UPGRADING to dented soapstone amulet.
  5249 | D:5      | 5249 ||| READING scroll labeled ZOWYMEU AS SEI.
  5250 | D:5      | 5250 ||| DRINKING 2 grey potions.
  5251 | D:5      | 5251 ||| DROPPING potion of magic.
  5298 | D:6      | Gained mutation: You have razor-sharp toenails. [demonic
                  | ancestry]
  5298 | D:6      | Reached XP level 8. HP: 50/61 MP: 8/8
  5465 | D:6      | Found a staircase to the Ecumenical Temple.
  5663 | D:6      | Reached **** piety under Trog
  5953 | D:6      | 5953 ||| INVOKING Berserk.
  6074 | D:6      | 6074 ||| EATING 4 rations.
  6126 | D:6      | Reached skill level 9 in Axes
  6352 | D:6      | 6352 ||| READING scroll labeled SAEKIRGHEYR.
  6353 | D:6      | 6353 ||| READING scroll labeled VESEUDOPTE.
  6354 | D:6      | 6354 ||| READING scroll labeled WAM NEGREU.
  6355 | D:6      | 6355 ||| DRINKING 2 amethyst potions.
  6388 | D:6      | 6388 ||| READING 2 scrolls of identify.
  6388 | D:6      | 6388 ||| IDENTIFYING bubbling orange potion
  6389 | D:6      | 6389 ||| DROPPING potion of mutation.
  6390 | D:6      | 6390 ||| DROPPING potion of lignification.
  6437 | D:7      | Reached skill level 3 in Armour
  6585 | D:7      | Found an opulent altar of Gozag.
  6585 | D:7      | Found a sparkling altar of Nemelex Xobeh.
  6941 | D:7      | Reached skill level 6 in Fighting
  7160 | D:7      | 7160 ||| INVOKING Berserk.
  7161 | D:7      | HP: 24/96 [killer bee (6)]
  7163 | D:7      | Reached XP level 9. HP: 23/69 MP: 9/9
  7166 | D:7      | HP: 18/103 [poisoned by a killer bee]
  7169 | D:7      | 7169 ||| INVOKING Trog's Hand.
  7171 | D:7      | HP: 8/69 [poisoned by a killer bee]
  7176 | D:7      | HP: 9/69 [poisoned by a killer bee]
  7182 | D:7      | HP: 15/69 [poisoned by a killer bee]
  7524 | D:7      | 7524 ||| READING scroll labeled DYELEXUNNULA.
  7525 | D:7      | 7525 ||| READING 3 scrolls of identify.
  7525 | D:7      | 7525 ||| IDENTIFYING fuming white potion
  7526 | D:7      | 7526 ||| READING 2 scrolls of identify.
  7526 | D:7      | 7526 ||| IDENTIFYING murky puce potion
  7527 | D:7      | 7527 ||| DROPPING potion of brilliance.
  7576 | D:8      | Noticed an unseen horror
  7605 | D:8      | Killed an unseen horror
  7605 | D:8      | Reached skill level 10 in Axes
  7672 | D:8      | 7672 ||| EATING 4 rations.
  7720 | D:8      | 7720 ||| INVOKING Berserk.
  7776 | D:8      | 7776 ||| INVOKING Berserk.
  8006 | D:8      | Found a sacrificial altar of Ru.
  8133 | D:8      | Found an iron altar of Okawaru.
  8369 | D:8      | 8369 ||| READING scroll of enchant armour.
  8369 | D:8      | 8369 ||| ENCHANTING +0 helmet.
  8542 | D:8      | 8542 ||| SWAPPING to war axe.
  8543 | D:8      | 8543 ||| DROPPING +4 hand axe.
  8613 | D:8      | 8613 ||| UPGRADING to glowing ring mail.
  8623 | D:8      | 8623 ||| UPGRADING to +0 chain mail.
  8633 | D:8      | 8633 ||| DROPPING +3 ring mail.
  8634 | D:8      | 8634 ||| READING scroll labeled IFFIGI QILI.
  8749 | D:9      | Found a transporter.
  8758 | D:9      | Found a transporter.
  8792 | D:9      | Reached skill level 3 in Dodging
  9132 | D:9      | 9132 ||| INVOKING Berserk.
  9135 | D:9      | HP: 27/108 [yak (3)]
  9136 | D:9      | Reached skill level 11 in Axes
  9137 | D:9      | Gained mutation: Your movements are less encumbered by
                  | armour. (ER -4) [demonic ancestry]
  9137 | D:9      | Reached XP level 10. HP: 30/79 MP: 10/10
  9445 | D:9      | 9445 ||| EATING 4 rations.
  9524 | D:9      | 9524 ||| INVOKING Berserk.
  9577 | D:9      | Found a shattered altar of Ashenzari.
  9761 | D:9      | Noticed a glowing orange brain
  9818 | D:9      | Found an opulent altar of Gozag.
  9821 | D:9      | 9821 ||| INVOKING Berserk.
  9823 | D:9      | Reached ***** piety under Trog
  9861 | D:9      | 9861 ||| DROPPING +0 flail.
  9937 | D:9      | 9937 ||| UPGRADING to +0 plate armour.
  9947 | D:9      | 9947 ||| DROPPING +0 chain mail.
  9948 | D:9      | 9948 ||| UPGRADING to runed moonstone ring.
  9949 | D:9      | 9949 ||| DRINKING 2 white potions.
  9950 | D:9      | 9950 ||| READING 2 scrolls of identify.
  9950 | D:9      | 9950 ||| IDENTIFYING ruby potion
  9998 | D:10     | Entered Level 10 of the Dungeon
 10044 | D:10     | Noticed a gargoyle
 10058 | D:10     | Killed a gargoyle
 10065 | D:10     | Noticed an unseen horror
 10095 | D:10     | Killed an unseen horror
 10419 | D:10     | 10419 ||| Invisible monster not found???
 10508 | D:10     | Found a staircase to the Lair.
 10510 | D:10     | Noticed an oklob plant
 10511 | D:10     | 10511 ||| INVOKING Brothers in Arms.
 10515 | D:10     | 10515 ||| INVOKING Berserk.
 10522 | D:10     | Killed an oklob plant
 10532 | D:10     | 10532 ||| EATING 3 rations.
 10634 | D:10     | Reached skill level 6 in Armour
 10661 | D:10     | 10661 ||| INVOKING Berserk.
 10786 | D:10     | Found a staircase to the Orcish Mines.
 10814 | D:10     | 10814 ||| INVOKING Berserk.
 11278 | D:10     | 11278 ||| INVOKING Berserk.
 11279 | D:10     | Found a roughly hewn altar of Beogh.
 11291 | D:10     | 11291 ||| INVOKING Brothers in Arms.
 11297 | D:10     | HP: 13/81 [orc priest/nerve-wracking pain (8)]
 11298 | D:10     | 11298 ||| DRINKING potion of heal wounds.
 11299 | D:10     | HP: 6/81 [orc warrior/+0 dire flail (7)]
 11300 | D:10     | Mangled by an orc warrior

Levels and vault maps discovered:
D:1:      nzn_arrival_crosshair, layout_rooms
D:2:      layout_loops_ring, lemuel_doored_altar, old_standard_altar,
          uniq_jessica, uniq_terence
D:3:      layout_rooms, marbit_many_paths, lemuel_round_altar,
          old_standard_altar, first_ration,
          chequers_ecumenical_altar_simple_redux, st_stairs_10
D:4:      layout_basic, overflow_temple_1_default, ebering_ghost_rock_garden,
          chequers_serial_rivers_micro_c
D:5:      layout_basic, cheibriados_altar_1, uniq_eustachio,
          uniq_crazy_yiuf_cottage
D:6:      layout_gridville, minmay_temple_entry_grid,
          hangedman_abyss_or_decor_slice, minmay_manual_mess
D:7:      layout_gridville, grunt_temple_overflow_opulence
D:8:      layout_cave_pools, grunt_temple_overflow_open
D:9:      gammafunk_jiyva_shrine, layout_gridville, evilmike_ruin_ashenzari,
          basic_altar, minmay_unpleasant_kobolds
D:10:     layout_basic, dpeg_oklobed_lair, erik_orc_4, special_room
          [special_room_orc]

Skill      XL: |  1  2  3  4  5  6  7  8  9 10 |
---------------+-------------------------------+-----
Axes           | 3 4 5 6 8 9 11 | 11.5
Fighting       | 4 6 7 8 |  8.3
Dodging        | 2 3 |  3.5
Armour         | 2 3 4 6 |  6.0

Action                   |  1- 3 |  4- 6 |  7- 9 | 10-12 || total
-------------------------+-------+-------+-------+-------++-------
Melee: Hand axe          |    97 |   168 |   263 |       ||   528
       Kick              |     8 |    49 |   102 |    77 ||   236
       War axe           |       |       |    53 |   187 ||   240
Throw: Javelin           |       |    23 |    50 |    16 ||    89
Invok: Berserk           |     3 |     3 |     7 |     6 ||    19
       Trog's Hand       |       |       |     1 |       ||     1
       Brothers in Arms  |       |       |       |     2 ||     2
  Use: Scroll            |     1 |     5 |    13 |     1 ||    20
       Potion            |     1 |       |     2 |     2 ||     5
  Eat: Chunk             |     3 |     4 |    10 |     6 ||    23
       Ration            |     1 |     2 |     3 |     2 ||     8
Armor: Animal skin       |    12 |    15 |       |       ||    27
       Scale mail        |       |    53 |    50 |       ||   103
       Chain mail        |       |       |   118 |     1 ||   119
       Plate armour      |       |       |       |    80 ||    80
Dodge: Dodged            |    52 |    71 |   163 |    73 ||   359
